 Dungeon Sprint DCSS version 0.23-a0-143-g1adec7b (webtiles) character file.

268 Faca the Quickloader (level 6, -7/44 HPs)
             Began as a Kobold Hunter on Aug 31, 2018.
             Was a Follower of Okawaru.
             Mangled by a spriggan
             ... wielding a +0 dagger
              (9 damage)
             ... in the Dungeon (Sprint V: "Ziggurat Sprint").
             The game lasted 00:01:36 (134 turns).

Faca the Quickloader (Kobold Hunter)                 Turns: 134, Time: 00:01:37

Health: -7/44      AC:  3    Str: 18    XL:     6   Next: 45%
Magic:  6/6        EV: 15    Int: 12    God:    Okawaru [*.....]
Gold:   0          SH:  0    Dex: 21    Spells: 5/5 levels left

rFire    . . .     SeeInvis +   H - +9 heavy crossbow "Sniper" {velocity, Acc+∞ SInv}
rCold    . . .     Gourm    .   (shield currently unavailable)
rNeg     . . .     Faith    .   c - +0 leather armour
rPois    .         Spirit   .   (no helmet)
rElec    .         Reflect  .   (no cloak)
rCorr    .         Harm     .   (no gloves)
MR       .....     NoTele   +   (no boots)
Stlth    +++++.....             (no amulet)
HPRegen  0.14/turn              F - +6 ring of strength
MPRegen  0.10/turn              B - +6 ring of dexterity

@: no status effects
A: small, carnivore
a: Heroism, Renounce Religion


You were in the Dungeon.
You worshipped Okawaru.
Okawaru was aware of your devotion.
You were not hungry.

You visited 1 branch

Inventory:

Hand Weapons
 a - a +5 hand crossbow
 H - the +9 heavy crossbow "Sniper" (weapon) {velocity, Acc+∞ SInv}
   (You found it in the Dungeon)

   Any bolt fired from it inflicts extra damage.
   It lets you see invisible.
 I - a +5 quick blade
 J - a +5 rapier
Missiles
 d - 1015 bolts (quivered)
Armour
 c - a +0 leather armour (worn)
 l - +5 shadow dragon scales
Jewellery
 B - a +6 ring of dexterity (right hand)
 C - a +6 ring of dexterity
 D - a +6 ring of intelligence
 E - a +6 ring of intelligence
 F - a +6 ring of strength (left hand)
 G - a +6 ring of strength
Wands
 y - a wand of disintegration (7)
 z - a wand of iceblast (7)
 A - a wand of acid (7)
Scrolls
 k - 4 scrolls of blinking
 s - 4 scrolls of amnesia
 t - 7 scrolls of fog
 u - a scroll of holy word
 v - 5 scrolls of identify
 w - 5 scrolls of remove curse
 x - 2 scrolls of fear
Potions
 e - 10 potions of curing
 g - 10 potions of heal wounds
 h - 6 potions of haste
 i - 7 potions of magic
 j - 3 potions of berserk rage
 m - 2 potions of brilliance
 n - 2 potions of invisibility
 o - 4 potions of resistance
 q - 5 potions of agility
 r - 5 potions of might
Comestibles
 f - 7 rations


   Skills:
 + Level 7.8 Fighting
 + Level 11.2 Crossbows
 - Level 2.4 Dodging
 + Level 10.1 Stealth


You had 5 spell levels left.
You didn't know any spells.
Your spell library was empty.

Dungeon Overview and Level Annotations

Branches:
Dungeon (1/1)

Altars:
Ashenzari
Cheibriados
Dithmenos
Elyvilon
Fedhas
Gozag
Hepliaklqana
Kikubaaqudgha
Makhleb
Nemelex Xobeh
Okawaru
Qazlal
Ru
Sif Muna
Trog
Uskayaw
Vehumet
Wu Jian
Xom
Yredelemnul
Zin
The Shining One
Beogh
Jiyva
Lugonu

Annotations:
D 1 transporter


Innate Abilities, Weirdness & Mutations

You are small and have problems with some larger weapons.
You are carnivorous and can eat meat at any time.


Message History

Okawaru is honoured by your kill.
Your Crossbows skill increases to level 11!
Your Stealth skill increases to level 10!
You have reached level 6!
Your experience leads to an increase in your attributes!
Your base attributes are Str 11, Int 12, Dex 15.
Increase (S)trength, (I)ntelligence, or (D)exterity?
You feel stronger. The spriggan hits you with a dagger!
* * * LOW HITPOINT WARNING * * *
The spriggan closely misses you.
Firing (i - inventory)
d - 1016 bolts (quivered)
Press: ? - help, Shift-Dir - straight line, f - spriggan
Aim: a spriggan, wielding a dagger and wearing a robe You shoot a bolt.
The bolt hits the spriggan!
The spriggan is severely wounded.
The spriggan hits you with a dagger.
* * * LOW HITPOINT WARNING * * *
The spriggan hits you with a dagger!
You die...

▓▓▓▓▓▓▓▓▓▓▓▓▓
▓.8©8.▓.8©8.▓
▓.([:.▓.....▓
▓.....▓.).[.▓
▓.....▓.....▓
▓.....▓.....▓
▓.((i.▓..©..▓
▓..@..▓▓▓▓▓▓▓
▓▓▓▓▓▓▓


You could see a spriggan.

Vanquished Creatures
  A black bear (D)
  An eye of draining (D)
  A wolf (D)
  An ooze (D)
4 creatures vanquished.

Notes
Turn   | Place    | Note
-------+----------+-------------------------------------------
     0 | D        | Found the +6 Majin-Bo {vamp, Archmagi MP+6 Int+6}
     0 | D        | Found the +7 great mace "Firestarter" {inner flame, rF++}
     0 | D        | Faca the Kobold Hunter began the quest for the Orb.
     0 | D        | Reached XP level 1. HP: 12/12 MP: 1/1
     2 | D        | Found a blossoming altar of Fedhas.
     7 | D        | Found a deep blue altar of Sif Muna.
     7 | D        | Found a sacrificial altar of Ru.
     7 | D        | Found a bloodstained altar of Trog.
     7 | D        | Found a stormy altar of Qazlal.
     7 | D        | Found an iron altar of Okawaru.
     7 | D        | Found a sparkling altar of Nemelex Xobeh.
     9 | D        | Found a transporter.
     9 | D        | Found an ancient bone altar of Kikubaaqudgha.
     9 | D        | Found a viscous altar of Jiyva.
     9 | D        | Found a corrupted altar of Lugonu.
     9 | D        | Found a hazy altar of Hepliaklqana.
     9 | D        | Found a burning altar of Makhleb.
     9 | D        | Found an opulent altar of Gozag.
    26 | D        | Became a worshipper of Warmaster Okawaru
    30 | D        | Found the +6 shillelagh "Devastator" {shatter}
    30 | D        | Found the +11 plutonium sword {*Contam Stlth-}
    30 | D        | Found the +8 lance "Wyrmbane" {slay drac, rPois rF+ rC+
                  | AC+3}
    30 | D        | Found the +9 sword of Zonguldrok {reap}
    30 | D        | Found the cursed +13 scythe of Curses {drain, *Curse}
    30 | D        | Found the +0 sword of Power
    30 | D        | Found the +7 mace of Variability {chain chaos}
    30 | D        | Found the +7 Singing Sword
    30 | D        | Found the +7 longbow "Piercer" {penet, EV-2}
    31 | D        | Found the +9 heavy crossbow "Sniper" {velocity, Acc+∞ SInv}
    31 | D        | Found the +10 dark maul {crush}
    31 | D        | Found the +15 Maxwell's patent armour {-Cast -Tele rElec
                  | MR+ rCorr}
    31 | D        | Found the +18 shield of the Gong {rElec rN+ MR+ EV-5}
    31 | D        | Found the cursed +14 obsidian axe {chop, +Fly SInv *Curse}
    46 | D        | Reached skill level 8 in Crossbows
    46 | D        | Reached XP level 2. HP: 17/17 MP: 2/2
    64 | D        | Entered arena 2.
    64 | D        | Noticed an eye of draining
    64 | D        | Found a transporter.
    67 | D        | Killed an eye of draining
    67 | D        | Reached skill level 5 in Fighting
    67 | D        | Reached skill level 9 in Crossbows
    67 | D        | Reached XP level 3. HP: 23/26 MP: 0/3
    67 | D        | Reached XP level 4. HP: 27/31 MP: 0/4
   129 | D        | Entered arena 3.
   129 | D        | Noticed a black bear
   129 | D        | Noticed a spriggan
   129 | D        | Noticed a wolf
   129 | D        | Found a transporter.
   132 | D        | Killed a black bear
   132 | D        | Reached * piety under Okawaru
   132 | D        | Reached skill level 10 in Crossbows
   132 | D        | Reached XP level 5. HP: 19/38 MP: 5/5
   133 | D        | Killed a wolf
   133 | D        | Reached skill level 11 in Crossbows
   133 | D        | Reached skill level 10 in Stealth
   133 | D        | Reached XP level 6. HP: 14/44 MP: 6/6
   134 | D        | HP: 2/44 [spriggan/dagger (3)]
   134 | D        | Mangled by a spriggan

Vault maps used:
D:        sprint_v

Skill      XL: |  1  2  3  4  5 |
---------------+----------------+-----
Crossbows      | 8 9 10 11 | 11.2
Stealth        | 7 9 10 | 10.1
Fighting       | 5 7 |  7.8
Dodging        | |  2.4

Action                   |  1- 3 |  4- 6 || total
-------------------------+-------+-------++-------
 Fire: Heavy crossbow    |     3 |     7 ||    10
  Use: Potion            |     1 |       ||     1
Armor: Leather armour    |       |     1 ||     1
Dodge: Dodged            |     2 |    10 ||    12

Table legend:
 A = Non-vault XP
 B = Vault XP
 C = Vault XP percentage of total XP
 D = Non-vault monster count
 E = Vault monster count
 F = Vault count percentage of total count
                 A         B        C        D         E       F
            +---------+---------+-------+---------+---------+-------
      Total |       0 |     374 | 100.0 |       0 |       4 | 100.0
            +---------+---------+-------+---------+---------+-------
          D |       0 |     374 | 100.0 |       0 |       4 | 100.0
            +---------+---------+-------+---------+---------+-------
